WCHLSIM.com - West Coast Hockey League
html PUBLIC "-//W3C//DTD XHTML 1.0 Transitional//EN" "http://www.w3.org/TR/xhtml1/DTD/xhtml1-transitional.dtd"> WCHL - Game 1235 - VANCOUVER VOODOO vs BOISE CARIBOUS

VANCOUVER VOODOO vs BOISE CARIBOUS

Created - 13 avril 2024 at 05:55

Goals
1 2 3 T
VANCOUVER VOODOO 1 1 0 2
BOISE CARIBOUS 1 1 3 5
Shots
1 2 3 T
VANCOUVER VOODOO 6 7 5 18
BOISE CARIBOUS 12 12 17 41

1st period

1. BOISE CARIBOUS , Charlie Coyle 12 (Rasmus Dahlin 46, Artturi Lehkonen 46) at 11:52
2. VANCOUVER VOODOO , Braden Schneider 4 (Jonathan Drouin 38, Christian Dvorak 25) at 19:20

Penalties :
Marcus Pettersson (BOI) for Hooking (Minor) at 1:22

2nd period

3. BOISE CARIBOUS , Gabriel Vilardi 10 (Lawson Crouse 22) at 11:05
4. VANCOUVER VOODOO , Nicolas Roy 20 (Joshua Norris 19, Rafael Harvey-Pinard 30) at 17:02

Penalties :
Joshua Norris (VAN) for Hooking (Minor) at 5:34, Tim Stutzle (BOI) for Slashing (Minor) at 14:29

3rd period

5. BOISE CARIBOUS , Gabriel Vilardi 11 (Tim Stutzle 40, Vincent Trocheck 49) at 1:44 (PP)
6. BOISE CARIBOUS , Artturi Lehkonen 32 (Rasmus Dahlin 47, Rasmus Andersson 18) at 19:46 (Empty Net)
7. BOISE CARIBOUS , Gabriel Vilardi 12 (Lawson Crouse 23, Rasmus Dahlin 48) at 19:55

Penalties :
Josh Anderson (VAN) for Hooking (Minor) at 1:34, Carson Soucy (VAN) for Elbowing (Minor) at 3:51

Goalie Stats

Filip Gustavsson (VAN), 36 saves from 40 shots - (0,900), L, 21-19-2, 59:08 minutes
Ilya Sorokin (BOI), 16 saves from 18 shots - (0,889), W, 42-21-5, 60:00 minutes

Players Stats for VANCOUVER VOODOO

Player Name              G  A  P  +/- PIM S  H  SB GA TA FO     MP     PP MP  PK MP  
------------------------------------------------------------------------------------
Alex Newhook             0  0  0  -1  0   0  0  0  0  0  1/3     4:14   0:00   0:37 
Alexander Edler          0  0  0   0  0   2  1  1  0  0  0/0    16:20   0:00   0:11 
Alexander Romanov        0  0  0  -3  0   0  2  0  0  0  0/0    22:54   1:55   1:44 
Braden Schneider         1  0  1   0  0   1  2  2  0  0  0/0    18:19   0:00   1:28 
Carson Soucy             0  0  0   1  2   1  3  0  0  0  0/0    18:11   2:03   0:21 
Christian Dvorak         0  1  1   0  0   3  1  0  0  0  5/18   16:12   1:03   2:40 
Denis Malgin             0  0  0   0  0   0  0  0  0  0  0/0     3:31   0:00   0:00 
Jonathan Drouin          0  1  1  -1  0   2  1  0  0  0  1/2    14:52   2:17   0:00 
Josh Anderson            0  0  0  -2  2   2  2  0  0  0  1/1    20:44   1:24   0:33 
Josh Bailey              0  0  0  -1  0   0  0  0  0  0  0/0    14:50   1:41   0:34 
Joshua Norris            0  1  1   1  2   2  0  0  0  0  11/25  18:48   1:41   0:00 
Max Pacioretty           0  0  0   0  0   0  0  0  0  0  0/0     0:00   0:00   0:00 
Nicolas Hague            0  0  0   0  0   0  0  1  0  0  0/0    21:02   2:03   2:16 
Nicolas Roy              1  0  1   1  0   1  0  1  0  0  0/0    20:08   2:17   0:51 
Patrick Kane             0  0  0  -2  0   2  0  0  0  0  1/3    18:48   0:00   0:00 
Rafael Harvey-Pinard     0  1  1   1  0   1  0  0  0  0  0/3    19:10   0:00   2:10 
Ryan Suter               0  0  0  -2  0   0  0  0  0  0  0/0    23:13   1:55   2:16 
Sean Couturier           0  0  0  -2  0   1  1  1  0  0  10/21  24:33   1:31   0:51 

Players Stats for BOISE CARIBOUS

Player Name              G  A  P  +/- PIM S  H  SB GA TA FO     MP     PP MP  PK MP  
------------------------------------------------------------------------------------
Artturi Lehkonen         1  1  2   2  0   7  1  0  0  0  0/2    20:16   1:44   2:08 
Charlie Coyle            1  0  1   2  0   4  1  1  0  0  0/1    20:01   1:47   1:50 
Dylan DeMelo             0  0  0   0  0   0  3  2  0  0  0/0    15:10   0:00   0:00 
Gabriel Vilardi          3  0  3   1  0   8  0  0  0  0  9/17   14:11   2:20   0:00 
Jean-Gabriel Pageau      0  0  0   2  0   0  2  1  0  0  13/18  20:19   1:47   2:08 
Jesperi Kotkaniemi       0  0  0   0  0   1  3  0  0  0  2/5     6:13   0:00   0:00 
Kaapo Kakko              0  0  0   1  0   0  0  0  0  0  0/0    14:11   2:20   0:00 
Kirill Marchenko         0  0  0   0  0   1  0  0  0  0  0/1     6:13   0:00   0:00 
Lawson Crouse            0  2  2   1  0   5  1  1  0  0  1/1    13:38   1:47   0:00 
Marcus Pettersson        0  0  0   0  2   0  1  0  0  0  0/0    20:16   0:00   1:04 
Matt Duchene             0  0  0  -1  0   3  1  0  0  0  2/3    19:14   1:48   0:00 
Moritz Seider            0  0  0   0  0   1  0  1  0  0  0/0    20:21   0:00   2:05 
Olli Maatta              0  0  0   0  0   0  1  0  0  0  0/0    15:16   0:00   1:03 
Phil Kessel              0  0  0   0  0   1  0  0  0  0  0/0     6:50   0:37   0:00 
Rasmus Andersson         0  1  1   2  0   2  1  1  0  0  0/0    20:13   0:00   1:45 
Rasmus Dahlin            0  3  3   2  0   2  0  2  0  0  0/0    22:15   1:48   1:59 
Tim Stutzle              0  1  1  -1  2   4  2  0  0  0  3/3    19:46   2:21   0:00 
Vincent Trocheck         0  1  1  -1  0   2  1  0  0  0  16/25  21:37   2:21   1:50 

3 Stars

1 - Gabriel Vilardi (BOI)
2 - Artturi Lehkonen (BOI)
3 - Rasmus Dahlin (BOI)

Power Play

VANCOUVER VOODOO - 0 on 2 Attempt(s) - 0,00%
BOISE CARIBOUS - 1 on 3 Attempt(s) - 33,33%

Penalty Kill

VANCOUVER VOODOO - 2 on 3 Attempt(s) - 66,67% - Score 0 goal in Penalty Kill
BOISE CARIBOUS - 2 on 2 Attempt(s) - 100,00% - Score 0 goal in Penalty Kill

Team Stat

VANCOUVER VOODOO - Hits : 13 - Faceoff Wins : 30 - Blocked Shots : 6 - Penalty Minutes : 6
BOISE CARIBOUS - Hits : 18 - Faceoff Wins : 46 - Blocked Shots : 9 - Penalty Minutes : 4

Official

Referees : Mike Sheehan and Michael Markovic
Linesman : Steven Berry and Matt Brady

Game Notes

Artturi Lehkonen has scored in a empty net!
Gabriel Vilardi has scored a Hat Trick!

Finance

Level 1 -- Attendance: 5698 (94,97%) -- Ticket Income 866 096 $
Level 2 -- Attendance: 4150 (83,00%) -- Ticket Income 510 450 $
Level 3 -- Attendance: 1926 (96,30%) -- Ticket Income 177 192 $
Level 4 -- Attendance: 3456 (86,40%) -- Ticket Income 235 008 $
Luxury Box -- Attendance: 937 (93,70%) -- Ticket Income 262 360 $
Total Attendance: 16167 (89,82%)
Total Ticket Income: 2 051 106 $
Other Expense: 20 511 $
Total Income: 2 030 595 $

VANCOUVER VOODOO

5 vs 5 Forward 
   Center                   Left Wing                Right Wing               Time % Phy DF OF 
 1 Sean Couturier           Josh Anderson            Patrick Kane             36     1   1  3  
 2 Joshua Norris            Rafael Harvey-Pinard     Nicolas Roy              36     1   2  2  
 3 Christian Dvorak         Jonathan Drouin          Josh Bailey              24     2   2  1  
 4 Alex Newhook             Denis Malgin             Sean Couturier           4      3   1  1  

5 vs 5 Defense 
   Defense                  Defense                                           Time % Phy DF OF 
 1 Ryan Suter               Alexander Romanov                                 36     1   2  2  
 2 Braden Schneider         Nicolas Hague                                     34     1   1  3  
 3 Alexander Edler          Carson Soucy                                      30     2   2  1  
 4 Carson Soucy             Ryan Suter                                        0      1   2  2  

PowerPlay Forward 
   Center                   Left Wing                Right Wing               Time % Phy DF OF 
 1 Sean Couturier           Jonathan Drouin          Nicolas Roy              53     1   1  3  
 2 Joshua Norris            Josh Anderson            Josh Bailey              47     2   1  2  

PowerPlay Defense
   Defense                  Defense                                           Time % Phy DF OF 
 1 Ryan Suter               Alexander Romanov                                 53     1   1  3  
 2 Nicolas Hague            Carson Soucy                                      47     1   2  2  

Penalty Kill 4 Players Forward 
   Center                   Wing                     Time % Phy DF OF 
 1 Christian Dvorak         Rafael Harvey-Pinard     60     1   4  0  
 2 Sean Couturier           Nicolas Roy              40     2   2  1  

Penalty Kill 4 Players Defense
   Defense                  Defense                  Time % Phy DF OF 
 1 Nicolas Hague            Ryan Suter               53     2   3  0  
 2 Carson Soucy             Alexander Romanov        47     1   3  1  

Penalty Kill - 3 Players Forward 
   Forward                                           Time % Phy DF OF 
 1 Joshua Norris                                     55     1   4  0  
 2 Sean Couturier                                    45     2   3  0  

Penalty Kill - 3 Players Defense
   Defense                  Defense                  Time % Phy DF OF 
 1 Nicolas Hague            Ryan Suter               52     1   4  0  
 2 Alexander Romanov        Braden Schneider         48     1   3  1  

4 vs 4 Forward 
   Center                   Wing                     Time % Phy DF OF 
 1 Christian Dvorak         Sean Couturier           51     1   2  2  
 2 Joshua Norris            Alex Newhook             49     2   1  2  

4 vs 4 Defense
   Defense                  Defense                  Time % Phy DF OF 
 1 Nicolas Hague            Carson Soucy             52     1   2  2  
 2 Braden Schneider         Ryan Suter               48     1   2  2  

Last Minutes Offensive
   Center                   Left Wing                Right Wing               Defense                  Defense                  
   Sean Couturier           Josh Anderson            Patrick Kane             Ryan Suter               Alexander Romanov        

Last Minutes Defensive
   Center                   Left Wing                Right Wing               Defense                  Defense                  
   Sean Couturier           Christian Dvorak         Nicolas Roy              Ryan Suter               Alexander Romanov        

Goaltenders
Starting : Filip Gustavsson         
Backup : Samuel Montembeault      

Extra Forwards
Normal : Sean Couturier, Joshua Norris, Jonathan Drouin - PP : Sean Couturier, Christian Dvorak - PK : Josh Anderson
Extra Defensemen
Normal : Carson Soucy, Alexander Romanov, Ryan Suter - PP : Braden Schneider - PK : Alexander Romanov, Ryan Suter
Penalty Shots
Christian Dvorak, Rafael Harvey-Pinard, Sean Couturier, Jonathan Drouin, Nicolas Roy
Custom OT Lines Forwards
Patrick Kane, Sean Couturier, Joshua Norris, Nicolas Roy, Josh Anderson, Christian Dvorak, Rafael Harvey-Pinard, Jonathan Drouin, Josh Bailey, Alex Newhook
Custom OT Lines Defensemen
Alexander Romanov, Ryan Suter, Nicolas Hague, Carson Soucy, Braden Schneider

Scratches
Michael Pezzetta (Healthy), Kirby Dach (Left Ankle Injury), Jordan Harris (Bruised Right Arm Injury)

BOISE CARIBOUS

5 vs 5 Forward 
   Center                   Left Wing                Right Wing               Time % Phy DF OF 
 1 Vincent Trocheck         Tim Stutzle              Matt Duchene             35     0   2  3  
 2 Jean-Gabriel Pageau      Artturi Lehkonen         Charlie Coyle            32     1   2  2  
 3 Gabriel Vilardi          Lawson Crouse            Kaapo Kakko              25     1   2  2  
 4 Jesperi Kotkaniemi       Kirill Marchenko         Phil Kessel              8      2   2  1  

5 vs 5 Defense 
   Defense                  Defense                                           Time % Phy DF OF 
 1 Rasmus Dahlin            Rasmus Andersson                                  36     1   2  2  
 2 Marcus Pettersson        Moritz Seider                                     36     1   2  2  
 3 Olli Maatta              Dylan DeMelo                                      28     1   3  1  
 4 Marcus Pettersson        Dylan DeMelo                                      0      0   5  0  

PowerPlay Forward 
   Center                   Left Wing                Right Wing               Time % Phy DF OF 
 1 Vincent Trocheck         Tim Stutzle              Artturi Lehkonen         65     0   1  4  
 2 Jean-Gabriel Pageau      Lawson Crouse            Charlie Coyle            35     0   1  4  

PowerPlay Defense
   Defense                  Defense                                           Time % Phy DF OF 
 1 Rasmus Dahlin            Matt Duchene                                      60     0   1  4  
 2 Kaapo Kakko              Gabriel Vilardi                                   40     0   2  3  

Penalty Kill 4 Players Forward 
   Center                   Wing                     Time % Phy DF OF 
 1 Vincent Trocheck         Charlie Coyle            50     0   4  1  
 2 Jean-Gabriel Pageau      Artturi Lehkonen         50     0   4  1  

Penalty Kill 4 Players Defense
   Defense                  Defense                  Time % Phy DF OF 
 1 Moritz Seider            Rasmus Andersson         55     1   4  0  
 2 Rasmus Dahlin            Marcus Pettersson        45     1   3  1  

Penalty Kill - 3 Players Forward 
   Forward                                           Time % Phy DF OF 
 1 Jesperi Kotkaniemi                                55     1   2  2  
 2 Kaapo Kakko                                       45     1   2  2  

Penalty Kill - 3 Players Defense
   Defense                  Defense                  Time % Phy DF OF 
 1 Olli Maatta              Marcus Pettersson        55     1   2  2  
 2 Rasmus Andersson         Moritz Seider            45     1   2  2  

4 vs 4 Forward 
   Center                   Wing                     Time % Phy DF OF 
 1 Jesperi Kotkaniemi       Tim Stutzle              55     1   2  2  
 2 Charlie Coyle            Gabriel Vilardi          45     1   2  2  

4 vs 4 Defense
   Defense                  Defense                  Time % Phy DF OF 
 1 Rasmus Dahlin            Rasmus Andersson         55     1   2  2  
 2 Dylan DeMelo             Olli Maatta              45     1   2  2  

Last Minutes Offensive
   Center                   Left Wing                Right Wing               Defense                  Defense                  
   Vincent Trocheck         Tim Stutzle              Matt Duchene             Rasmus Dahlin            Moritz Seider            

Last Minutes Defensive
   Center                   Left Wing                Right Wing               Defense                  Defense                  
   Jean-Gabriel Pageau      Artturi Lehkonen         Charlie Coyle            Rasmus Dahlin            Rasmus Andersson         

Goaltenders
Starting : Ilya Sorokin             
Backup : Brian Elliott            

Extra Forwards
Normal : Matt Duchene, Gabriel Vilardi, Tim Stutzle - PP : Vincent Trocheck, Tim Stutzle - PK : Lawson Crouse
Extra Defensemen
Normal : Dylan DeMelo, Marcus Pettersson, Moritz Seider - PP : Dylan DeMelo - PK : Marcus Pettersson, Olli Maatta
Penalty Shots
Tim Stutzle, Artturi Lehkonen, Vincent Trocheck, Matt Duchene, Lawson Crouse
Custom OT Lines Forwards
Tim Stutzle, Artturi Lehkonen, Vincent Trocheck, Charlie Coyle, Kaapo Kakko, Matt Duchene, Lawson Crouse, Gabriel Vilardi, Phil Kessel, Jesperi Kotkaniemi
Custom OT Lines Defensemen
Rasmus Dahlin, Rasmus Andersson, Moritz Seider, Olli Maatta, Dylan DeMelo

Scratches
Andrew Cogliano (Healthy), Pavel Mintyukov (Healthy), Nick Schmaltz (Broken Left Thumb Injury), Troy Stecher (Healthy)

% Time on Ice - VANCOUVER VOODOO

Lines # - Real PCT - Wanted PCT - Time Play
Normal Forward
1 - 36% - 36% - 18:48
2 - 33% - 36% - 17:00
3 - 24% - 24% - 12:29
4 - 7% - 4% - 3:31
Normal Defense
1 - 33% - 36% - 16:54
2 - 32% - 34% - 16:43
3 - 29% - 30% - 14:50
4 - 6% - 0% - 3:21
PP Forward
1 - 58% - 53% - 2:17
2 - 42% - 47% - 1:41
PP Defense
1 - 48% - 53% - 1:55
2 - 52% - 47% - 2:03
PK Forward
1 - 79% - 60% - 3:17
2 - 21% - 40% - 0:51
PK Defense
1 - 55% - 53% - 2:16
2 - 45% - 47% - 1:52
PK3 Forward
1 - 0% - 55%
2 - 0% - 45%
PK3 Defense
1 - 0% - 52%
2 - 0% - 48%
44 Forward
1 - 0% - 51%
2 - 0% - 49%
44 Defense
1 - 0% - 52%
2 - 0% - 48%
Last Minute Offensive  - 0:06
Last Minute Defensive  - 0:00
Total
Forward - 60:00
Defense - 60:00

% Time on Ice - BOISE CARIBOUS

Lines # - Real PCT - Wanted PCT - Time Play
Normal Forward
1 - 34% - 35% - 17:26
2 - 31% - 32% - 16:07
3 - 23% - 25% - 11:51
4 - 12% - 8% - 6:13
Normal Defense
1 - 35% - 36% - 18:11
2 - 35% - 36% - 18:16
3 - 28% - 28% - 14:13
4 - 2% - 0% - 0:57
PP Forward
1 - 57% - 65% - 2:21
2 - 43% - 35% - 1:47
PP Defense
1 - 44% - 60% - 1:48
2 - 56% - 40% - 2:20
PK Forward
1 - 46% - 50% - 1:50
2 - 54% - 50% - 2:08
PK Defense
1 - 37% - 55% - 1:29
2 - 63% - 45% - 2:29
PK3 Forward
1 - 0% - 55%
2 - 0% - 45%
PK3 Defense
1 - 0% - 55%
2 - 0% - 45%
44 Forward
1 - 0% - 55%
2 - 0% - 45%
44 Defense
1 - 0% - 55%
2 - 0% - 45%
Last Minute Offensive  - 0:00
Last Minute Defensive  - 0:17
Total
Forward - 60:00
Defense - 60:00

Play-by-Play

1st period


0:01 of 1st period - Vincent Trocheck wins face-off versus Patrick Kane in neutral zone.
1:17 of 1st period - Shot by Joshua Norris.
1:17 of 1st period - Shot Misses the Net.
1:19 of 1st period - Shot by Rafael Harvey-Pinard.
1:19 of 1st period - Shot Hit the Post.
1:22 of 1st period - Minor Penalty to Marcus Pettersson for Hooking.
1:23 of 1st period - Sean Couturier wins face-off versus Jean-Gabriel Pageau in BOISE CARIBOUS zone.
1:24 of 1st period - Shot by Carson Soucy.
1:24 of 1st period - Stopped by Ilya Sorokin with a rebound.
1:26 of 1st period - Shot by Sean Couturier.
1:26 of 1st period - Shot Blocked by Moritz Seider.
2:37 of 1st period - Shot by Joshua Norris.
2:37 of 1st period - Shot Blocked by Jean-Gabriel Pageau.
3:29 of 1st period - Icing by Dylan DeMelo.
3:30 of 1st period - Alex Newhook wins face-off versus Gabriel Vilardi in BOISE CARIBOUS zone.
3:30 of 1st period - Alex Newhook is hit by Dylan DeMelo.
3:42 of 1st period - Shot by Alex Newhook.
3:42 of 1st period - Shot Misses the Net.
4:08 of 1st period - Shot by Gabriel Vilardi.
4:08 of 1st period - Shot Misses the Net.
4:47 of 1st period - Shot by Rasmus Andersson.
4:47 of 1st period - Stopped by Filip Gustavsson without a rebound.
4:48 of 1st period - Christian Dvorak wins face-off versus Jean-Gabriel Pageau in VANCOUVER VOODOO zone.
5:15 of 1st period - Shot by Josh Bailey.
5:15 of 1st period - Shot Misses the Net.
5:45 of 1st period - Icing by Nicolas Hague.
5:46 of 1st period - Vincent Trocheck wins face-off versus Christian Dvorak in VANCOUVER VOODOO zone.
6:11 of 1st period - Shot by Vincent Trocheck.
6:11 of 1st period - Shot Misses the Net.
6:13 of 1st period - Shot by Tim Stutzle.
6:13 of 1st period - The goal is going for a video replay.
6:13 of 1st period - The goal is refused.
6:14 of 1st period - Joshua Norris wins face-off versus Gabriel Vilardi in VANCOUVER VOODOO zone.
6:48 of 1st period - Shot by Joshua Norris.
6:48 of 1st period - Deflect By Rafael Harvey-Pinard.
6:48 of 1st period - Shot Blocked by Lawson Crouse.
7:07 of 1st period - Rasmus Andersson is hit by Josh Anderson and loses puck.
7:29 of 1st period - Icing by Sean Couturier.
7:30 of 1st period - Sean Couturier wins face-off versus Vincent Trocheck in VANCOUVER VOODOO zone.
7:38 of 1st period - Icing by Vincent Trocheck.
7:39 of 1st period - Vincent Trocheck wins face-off versus Joshua Norris in BOISE CARIBOUS zone.
7:43 of 1st period - Vincent Trocheck is hit by Carson Soucy.
9:19 of 1st period - Shot by Artturi Lehkonen.
9:19 of 1st period - Stopped by Filip Gustavsson without a rebound.
9:20 of 1st period - Jesperi Kotkaniemi wins face-off versus Sean Couturier in VANCOUVER VOODOO zone.
9:23 of 1st period - Shot by Kirill Marchenko.
9:23 of 1st period - Deflect By Jesperi Kotkaniemi.
9:23 of 1st period - Shot Misses the Net.
9:25 of 1st period - Shot by Jesperi Kotkaniemi.
9:25 of 1st period - Shot Misses the Net.
9:35 of 1st period - Shot by Jesperi Kotkaniemi.
9:35 of 1st period - Shot Misses the Net.
9:39 of 1st period - Shot by Rasmus Dahlin.
9:39 of 1st period - Shot Blocked by Braden Schneider.
9:49 of 1st period - Shot by Kirill Marchenko.
9:49 of 1st period - Stopped by Filip Gustavsson without a rebound.
9:50 of 1st period - Vincent Trocheck wins face-off versus Christian Dvorak in VANCOUVER VOODOO zone.
10:33 of 1st period - Shot by Vincent Trocheck.
10:33 of 1st period - Stopped by Filip Gustavsson without a rebound.
10:34 of 1st period - Jean-Gabriel Pageau wins face-off versus Sean Couturier in VANCOUVER VOODOO zone.
10:44 of 1st period - Icing by Alexander Edler.
10:45 of 1st period - Gabriel Vilardi wins face-off versus Sean Couturier in VANCOUVER VOODOO zone.
10:51 of 1st period - Lawson Crouse is hit by Alexander Romanov and loses puck.
11:46 of 1st period - Shot by Artturi Lehkonen.
11:46 of 1st period - Stopped by Filip Gustavsson with a rebound.
11:48 of 1st period - Shot by Rasmus Dahlin.
11:48 of 1st period - Shot Misses the Net.
11:52 of 1st period - Shot by Charlie Coyle.
11:52 of 1st period - Goal by Charlie Coyle - VANCOUVER VOODOO : 0 - BOISE CARIBOUS : 1.
11:53 of 1st period - Tim Stutzle wins face-off versus Joshua Norris in neutral zone.
12:55 of 1st period - Shot by Jonathan Drouin.
12:55 of 1st period - Stopped by Ilya Sorokin without a rebound.
12:56 of 1st period - Jean-Gabriel Pageau wins face-off versus Alex Newhook in BOISE CARIBOUS zone.
13:58 of 1st period - Shot by Jonathan Drouin.
13:58 of 1st period - Stopped by Ilya Sorokin without a rebound.
13:59 of 1st period - Joshua Norris wins face-off versus Gabriel Vilardi in BOISE CARIBOUS zone.
14:11 of 1st period - Off-side.
14:12 of 1st period - Vincent Trocheck wins face-off versus Christian Dvorak in neutral zone.
14:17 of 1st period - Shot by Matt Duchene.
14:17 of 1st period - Stopped by Filip Gustavsson without a rebound.
14:18 of 1st period - Joshua Norris wins face-off versus Vincent Trocheck in VANCOUVER VOODOO zone.
14:18 of 1st period - Joshua Norris is hit by Vincent Trocheck.
14:48 of 1st period - Shot by Joshua Norris.
14:48 of 1st period - Deflect By Rafael Harvey-Pinard.
14:48 of 1st period - Stopped by Ilya Sorokin without a rebound.
14:49 of 1st period - Jean-Gabriel Pageau wins face-off versus Sean Couturier in BOISE CARIBOUS zone.
15:09 of 1st period - Patrick Kane is hit by Marcus Pettersson and loses puck.
15:52 of 1st period - Shot by Joshua Norris.
15:52 of 1st period - Shot Misses the Net.
15:56 of 1st period - Shot by Joshua Norris.
15:56 of 1st period - Shot Misses the Net.
15:58 of 1st period - Shot by Nicolas Roy.
15:58 of 1st period - Shot Misses the Net.
16:06 of 1st period - Shot by Rafael Harvey-Pinard.
16:06 of 1st period - Shot Misses the Net.
16:08 of 1st period - Shot by Nicolas Roy.
16:08 of 1st period - Shot Blocked by Charlie Coyle.
16:20 of 1st period - Shot by Rafael Harvey-Pinard.
16:20 of 1st period - Shot Misses the Net.
16:22 of 1st period - Shot by Rafael Harvey-Pinard.
16:22 of 1st period - Shot Misses the Net.
16:34 of 1st period - Icing by Braden Schneider.
16:35 of 1st period - Jonathan Drouin wins face-off versus Gabriel Vilardi in VANCOUVER VOODOO zone.
16:42 of 1st period - Icing by Rasmus Andersson.
16:43 of 1st period - Sean Couturier wins face-off versus Gabriel Vilardi in BOISE CARIBOUS zone.
17:00 of 1st period - Shot by Gabriel Vilardi.
17:00 of 1st period - Shot Misses the Net.
17:19 of 1st period - Shot by Lawson Crouse.
17:19 of 1st period - Stopped by Filip Gustavsson without a rebound.
17:20 of 1st period - Vincent Trocheck wins face-off versus Joshua Norris in VANCOUVER VOODOO zone.
18:00 of 1st period - Icing by Ryan Suter.
18:01 of 1st period - Gabriel Vilardi wins face-off versus Joshua Norris in VANCOUVER VOODOO zone.
18:18 of 1st period - Shot by Lawson Crouse.
18:18 of 1st period - Stopped by Filip Gustavsson without a rebound.
18:19 of 1st period - Sean Couturier wins face-off versus Jesperi Kotkaniemi in VANCOUVER VOODOO zone.
18:34 of 1st period - Shot by Patrick Kane.
18:34 of 1st period - Deflect By Sean Couturier.
18:34 of 1st period - Shot Hit the Post.
18:46 of 1st period - Shot by Josh Anderson.
18:46 of 1st period - Shot Misses the Net.
18:48 of 1st period - Shot by Sean Couturier.
18:48 of 1st period - Deflect By Patrick Kane.
18:48 of 1st period - Stopped by Ilya Sorokin without a rebound.
18:49 of 1st period - Matt Duchene wins face-off versus Christian Dvorak in BOISE CARIBOUS zone.
19:04 of 1st period - Josh Bailey is hit by Tim Stutzle and loses puck.
19:18 of 1st period - Shot by Jonathan Drouin.
19:18 of 1st period - Shot Blocked by Rasmus Dahlin.
19:20 of 1st period - Shot by Braden Schneider.
19:20 of 1st period - Goal by Braden Schneider - VANCOUVER VOODOO : 1 - BOISE CARIBOUS : 1.
19:21 of 1st period - Gabriel Vilardi wins face-off versus Sean Couturier in neutral zone.
19:42 of 1st period - Shot by Gabriel Vilardi.
19:42 of 1st period - Shot Blocked by Sean Couturier.
19:44 of 1st period - Shot by Lawson Crouse.
19:44 of 1st period - Stopped by Filip Gustavsson without a rebound.
19:45 of 1st period - Vincent Trocheck wins face-off versus Joshua Norris in VANCOUVER VOODOO zone.
19:52 of 1st period - Shot by Tim Stutzle.
19:52 of 1st period - Shot Misses the Net.
19:54 of 1st period - Shot by Tim Stutzle.
19:54 of 1st period - Stopped by Filip Gustavsson without a rebound.
19:55 of 1st period - Sean Couturier wins face-off versus Artturi Lehkonen in VANCOUVER VOODOO zone.
Goals for this period are 1 for VANCOUVER VOODOO vs 1 for BOISE CARIBOUS.
Shots for this period are 6 for VANCOUVER VOODOO vs 12 for BOISE CARIBOUS.

2nd period


0:01 of 2nd period - Jean-Gabriel Pageau wins face-off versus Sean Couturier in neutral zone.
0:06 of 2nd period - Shot by Artturi Lehkonen.
0:06 of 2nd period - Stopped by Filip Gustavsson without a rebound.
0:07 of 2nd period - Sean Couturier wins face-off versus Vincent Trocheck in VANCOUVER VOODOO zone.
0:07 of 2nd period - Patrick Kane is hit by Matt Duchene.
0:15 of 2nd period - Icing by Tim Stutzle.
0:16 of 2nd period - Christian Dvorak wins face-off versus Vincent Trocheck in BOISE CARIBOUS zone.
0:21 of 2nd period - Shot by Josh Bailey.
0:21 of 2nd period - Shot Blocked by Dylan DeMelo.
0:27 of 2nd period - Shot by Christian Dvorak.
0:27 of 2nd period - Stopped by Ilya Sorokin without a rebound.
0:28 of 2nd period - Sean Couturier wins face-off versus Jean-Gabriel Pageau in BOISE CARIBOUS zone.
0:41 of 2nd period - Shot by Sean Couturier.
0:41 of 2nd period - Stopped by Ilya Sorokin without a rebound.
0:42 of 2nd period - Joshua Norris wins face-off versus Vincent Trocheck in BOISE CARIBOUS zone.
0:45 of 2nd period - Shot by Rafael Harvey-Pinard.
0:45 of 2nd period - Shot Misses the Net.
2:02 of 2nd period - Carson Soucy is hit by Jean-Gabriel Pageau and loses puck.
2:52 of 2nd period - Gabriel Vilardi is hit by Braden Schneider and loses puck.
4:11 of 2nd period - Sean Couturier is hit by Dylan DeMelo and loses puck.
4:30 of 2nd period - Ryan Suter is hit by Artturi Lehkonen and loses puck.
4:41 of 2nd period - Shot by Artturi Lehkonen.
4:41 of 2nd period - Stopped by Filip Gustavsson without a rebound.
4:42 of 2nd period - Joshua Norris wins face-off versus Jesperi Kotkaniemi in VANCOUVER VOODOO zone.
4:51 of 2nd period - Shot by Nicolas Roy.
4:51 of 2nd period - Shot Hit the Post.
4:53 of 2nd period - Shot by Alexander Edler.
4:53 of 2nd period - Stopped by Ilya Sorokin without a rebound.
4:54 of 2nd period - Jean-Gabriel Pageau wins face-off versus Joshua Norris in BOISE CARIBOUS zone.
5:00 of 2nd period - Artturi Lehkonen is hit by Carson Soucy and loses puck.
5:16 of 2nd period - Jean-Gabriel Pageau is hit by Alexander Edler and loses puck.
5:23 of 2nd period - Shot by Artturi Lehkonen.
5:23 of 2nd period - Deflect By Charlie Coyle.
5:23 of 2nd period - Shot Misses the Net.
5:34 of 2nd period - Minor Penalty to Joshua Norris for Hooking.
5:35 of 2nd period - Vincent Trocheck wins face-off versus Christian Dvorak in VANCOUVER VOODOO zone.
5:46 of 2nd period - Nicolas Hague is hit by Tim Stutzle and loses puck.
7:38 of 2nd period - Shot by Jesperi Kotkaniemi.
7:38 of 2nd period - Shot Misses the Net.
7:58 of 2nd period - Shot by Phil Kessel.
7:58 of 2nd period - Stopped by Filip Gustavsson without a rebound.
7:59 of 2nd period - Tim Stutzle wins face-off versus Rafael Harvey-Pinard in VANCOUVER VOODOO zone.
8:07 of 2nd period - Icing by Rafael Harvey-Pinard.
8:08 of 2nd period - Joshua Norris wins face-off versus Vincent Trocheck in VANCOUVER VOODOO zone.
8:18 of 2nd period - Shot by Rasmus Andersson.
8:18 of 2nd period - Stopped by Filip Gustavsson without a rebound.
8:19 of 2nd period - Josh Anderson wins face-off versus Jesperi Kotkaniemi in VANCOUVER VOODOO zone.
8:19 of 2nd period - Josh Anderson is hit by Jesperi Kotkaniemi.
8:25 of 2nd period - Shot by Josh Anderson.
8:25 of 2nd period - Shot Blocked by Rasmus Dahlin.
8:37 of 2nd period - Shot by Kirill Marchenko.
8:37 of 2nd period - Deflect By Jesperi Kotkaniemi.
8:37 of 2nd period - Stopped by Filip Gustavsson without a rebound.
8:38 of 2nd period - Christian Dvorak wins face-off versus Gabriel Vilardi in VANCOUVER VOODOO zone.
8:38 of 2nd period - Christian Dvorak is hit by Lawson Crouse.
8:44 of 2nd period - Shot by Gabriel Vilardi.
8:44 of 2nd period - Stopped by Filip Gustavsson without a rebound.
8:45 of 2nd period - Gabriel Vilardi wins face-off versus Patrick Kane in VANCOUVER VOODOO zone.
9:08 of 2nd period - Shot by Josh Anderson.
9:08 of 2nd period - Stopped by Ilya Sorokin without a rebound.
9:09 of 2nd period - Jean-Gabriel Pageau wins face-off versus Jonathan Drouin in BOISE CARIBOUS zone.
9:21 of 2nd period - Charlie Coyle is hit by Alexander Romanov and loses puck.
9:59 of 2nd period - Icing by Moritz Seider.
10:00 of 2nd period - Jean-Gabriel Pageau wins face-off versus Sean Couturier in BOISE CARIBOUS zone.
10:00 of 2nd period - Jean-Gabriel Pageau is hit by Sean Couturier.
10:27 of 2nd period - Icing by Nicolas Hague.
10:28 of 2nd period - Patrick Kane wins face-off versus Gabriel Vilardi in VANCOUVER VOODOO zone.
10:33 of 2nd period - Shot by Sean Couturier.
10:33 of 2nd period - Shot Blocked by Dylan DeMelo.
10:43 of 2nd period - Shot by Gabriel Vilardi.
10:43 of 2nd period - Shot Misses the Net.
11:05 of 2nd period - Shot by Gabriel Vilardi.
11:05 of 2nd period - Goal by Gabriel Vilardi - VANCOUVER VOODOO : 1 - BOISE CARIBOUS : 2.
11:06 of 2nd period - Vincent Trocheck wins face-off versus Joshua Norris in neutral zone.
11:38 of 2nd period - Shot by Rafael Harvey-Pinard.
11:38 of 2nd period - Shot Misses the Net.
12:52 of 2nd period - Shot by Gabriel Vilardi.
12:52 of 2nd period - Stopped by Filip Gustavsson without a rebound.
12:53 of 2nd period - Jean-Gabriel Pageau wins face-off versus Sean Couturier in VANCOUVER VOODOO zone.
12:56 of 2nd period - Shot by Jean-Gabriel Pageau.
12:56 of 2nd period - Shot Misses the Net.
14:28 of 2nd period - Icing by Braden Schneider.
14:29 of 2nd period - Sean Couturier wins face-off versus Vincent Trocheck in VANCOUVER VOODOO zone.
14:29 of 2nd period - Minor Penalty to Tim Stutzle for Slashing.
14:30 of 2nd period - Vincent Trocheck wins face-off versus Christian Dvorak in BOISE CARIBOUS zone.
14:43 of 2nd period - Shot by Christian Dvorak.
14:43 of 2nd period - Stopped by Ilya Sorokin without a rebound.
14:44 of 2nd period - Joshua Norris wins face-off versus Vincent Trocheck in BOISE CARIBOUS zone.
14:58 of 2nd period - Shot by Christian Dvorak.
14:58 of 2nd period - Shot Misses the Net.
15:00 of 2nd period - Shot by Christian Dvorak.
15:00 of 2nd period - Stopped by Ilya Sorokin without a rebound.
15:01 of 2nd period - Jean-Gabriel Pageau wins face-off versus Sean Couturier in BOISE CARIBOUS zone.
15:44 of 2nd period - Shot by Rasmus Dahlin.
15:44 of 2nd period - Stopped by Filip Gustavsson without a rebound.
15:45 of 2nd period - Joshua Norris wins face-off versus Vincent Trocheck in VANCOUVER VOODOO zone.
16:33 of 2nd period - Icing by Carson Soucy.
16:34 of 2nd period - Lawson Crouse wins face-off versus Rafael Harvey-Pinard in VANCOUVER VOODOO zone.
17:02 of 2nd period - Shot by Nicolas Roy.
17:02 of 2nd period - Goal by Nicolas Roy - VANCOUVER VOODOO : 2 - BOISE CARIBOUS : 2.
17:03 of 2nd period - Vincent Trocheck wins face-off versus Christian Dvorak in neutral zone.
17:46 of 2nd period - Shot by Matt Duchene.
17:46 of 2nd period - Shot Misses the Net.
17:48 of 2nd period - Shot by Moritz Seider.
17:48 of 2nd period - Stopped by Filip Gustavsson with a rebound.
18:18 of 2nd period - Shot by Artturi Lehkonen.
18:18 of 2nd period - Stopped by Filip Gustavsson without a rebound.
18:19 of 2nd period - Gabriel Vilardi wins face-off versus Joshua Norris in VANCOUVER VOODOO zone.
18:38 of 2nd period - Shot by Lawson Crouse.
18:38 of 2nd period - Stopped by Filip Gustavsson with a rebound.
18:40 of 2nd period - Shot by Lawson Crouse.
18:40 of 2nd period - Shot Blocked by Nicolas Hague.
Goals for this period are 1 for VANCOUVER VOODOO vs 1 for BOISE CARIBOUS.
Shots for this period are 7 for VANCOUVER VOODOO vs 12 for BOISE CARIBOUS.

3rd period


0:01 of 3rd period - Matt Duchene wins face-off versus Joshua Norris in neutral zone.
0:12 of 3rd period - Shot by Matt Duchene.
0:12 of 3rd period - Shot Misses the Net.
0:14 of 3rd period - Shot by Matt Duchene.
0:14 of 3rd period - Stopped by Filip Gustavsson without a rebound.
0:15 of 3rd period - Jean-Gabriel Pageau wins face-off versus Sean Couturier in VANCOUVER VOODOO zone.
0:16 of 3rd period - Shot by Charlie Coyle.
0:16 of 3rd period - Stopped by Filip Gustavsson without a rebound.
0:17 of 3rd period - Joshua Norris wins face-off versus Charlie Coyle in VANCOUVER VOODOO zone.
0:17 of 3rd period - Joshua Norris is hit by Jean-Gabriel Pageau.
0:44 of 3rd period - Nicolas Roy is hit by Charlie Coyle and loses puck.
0:58 of 3rd period - Joshua Norris is hit by Rasmus Andersson and loses puck.
1:34 of 3rd period - Minor Penalty to Josh Anderson for Hooking.
1:35 of 3rd period - Vincent Trocheck wins face-off versus Christian Dvorak in VANCOUVER VOODOO zone.
1:44 of 3rd period - Shot by Gabriel Vilardi.
1:44 of 3rd period - Goal by Gabriel Vilardi - VANCOUVER VOODOO : 2 - BOISE CARIBOUS : 3.
1:45 of 3rd period - Christian Dvorak wins face-off versus Matt Duchene in neutral zone.
2:26 of 3rd period - Shot by Matt Duchene.
2:26 of 3rd period - Stopped by Filip Gustavsson without a rebound.
2:27 of 3rd period - Gabriel Vilardi wins face-off versus Joshua Norris in VANCOUVER VOODOO zone.
2:32 of 3rd period - Shot by Gabriel Vilardi.
2:32 of 3rd period - Stopped by Filip Gustavsson without a rebound.
2:33 of 3rd period - Jean-Gabriel Pageau wins face-off versus Joshua Norris in VANCOUVER VOODOO zone.
2:42 of 3rd period - Shot by Artturi Lehkonen.
2:42 of 3rd period - Stopped by Filip Gustavsson without a rebound.
2:43 of 3rd period - Sean Couturier wins face-off versus Jean-Gabriel Pageau in VANCOUVER VOODOO zone.
3:29 of 3rd period - Jean-Gabriel Pageau is hit by Carson Soucy and loses puck.
3:50 of 3rd period - Shot by Vincent Trocheck.
3:50 of 3rd period - Shot Misses the Net.
3:51 of 3rd period - Minor Penalty to Carson Soucy for Elbowing.
3:52 of 3rd period - Vincent Trocheck wins face-off versus Rafael Harvey-Pinard in VANCOUVER VOODOO zone.
5:35 of 3rd period - Shot by Gabriel Vilardi.
5:35 of 3rd period - Shot Blocked by Nicolas Roy.
7:34 of 3rd period - Shot by Christian Dvorak.
7:34 of 3rd period - Shot Misses the Net.
8:32 of 3rd period - Shot by Patrick Kane.
8:32 of 3rd period - Shot Misses the Net.
8:34 of 3rd period - Shot by Josh Anderson.
8:34 of 3rd period - Stopped by Ilya Sorokin without a rebound.
8:35 of 3rd period - Gabriel Vilardi wins face-off versus Joshua Norris in BOISE CARIBOUS zone.
8:55 of 3rd period - Shot by Joshua Norris.
8:55 of 3rd period - Stopped by Ilya Sorokin without a rebound.
8:56 of 3rd period - Vincent Trocheck wins face-off versus Sean Couturier in BOISE CARIBOUS zone.
8:56 of 3rd period - Vincent Trocheck is hit by Josh Anderson.
9:46 of 3rd period - Tim Stutzle is hit by Christian Dvorak and loses puck.
10:23 of 3rd period - Shot by Lawson Crouse.
10:23 of 3rd period - Deflect By Gabriel Vilardi.
10:23 of 3rd period - Stopped by Filip Gustavsson without a rebound.
10:24 of 3rd period - Jean-Gabriel Pageau wins face-off versus Joshua Norris in VANCOUVER VOODOO zone.
10:43 of 3rd period - Shot by Charlie Coyle.
10:43 of 3rd period - Shot Misses the Net.
10:47 of 3rd period - Shot by Artturi Lehkonen.
10:47 of 3rd period - Shot Blocked by Alexander Edler.
10:49 of 3rd period - Shot by Charlie Coyle.
10:49 of 3rd period - Stopped by Filip Gustavsson without a rebound.
10:50 of 3rd period - Sean Couturier wins face-off versus Gabriel Vilardi in VANCOUVER VOODOO zone.
11:36 of 3rd period - Shot by Lawson Crouse.
11:36 of 3rd period - Stopped by Filip Gustavsson with a rebound.
11:48 of 3rd period - Shot by Tim Stutzle.
11:48 of 3rd period - Stopped by Filip Gustavsson with a rebound.
12:22 of 3rd period - Shot by Rasmus Dahlin.
12:22 of 3rd period - Stopped by Filip Gustavsson without a rebound.
12:23 of 3rd period - Joshua Norris wins face-off versus Jean-Gabriel Pageau in VANCOUVER VOODOO zone.
12:39 of 3rd period - Icing by Ryan Suter.
12:40 of 3rd period - Jesperi Kotkaniemi wins face-off versus Joshua Norris in VANCOUVER VOODOO zone.
12:55 of 3rd period - Shot by Joshua Norris.
12:55 of 3rd period - Stopped by Ilya Sorokin with a rebound.
13:32 of 3rd period - Off-side.
13:33 of 3rd period - Tim Stutzle wins face-off versus Christian Dvorak in neutral zone.
13:48 of 3rd period - Shot by Christian Dvorak.
13:48 of 3rd period - Shot Blocked by Rasmus Andersson.
13:50 of 3rd period - Shot by Alexander Edler.
13:50 of 3rd period - Stopped by Ilya Sorokin without a rebound.
13:51 of 3rd period - Jean-Gabriel Pageau wins face-off versus Alex Newhook in BOISE CARIBOUS zone.
14:08 of 3rd period - Shot by Jean-Gabriel Pageau.
14:08 of 3rd period - Shot Misses the Net.
14:12 of 3rd period - Shot by Charlie Coyle.
14:12 of 3rd period - Stopped by Filip Gustavsson without a rebound.
14:13 of 3rd period - Vincent Trocheck wins face-off versus Christian Dvorak in VANCOUVER VOODOO zone.
14:22 of 3rd period - Shot by Vincent Trocheck.
14:22 of 3rd period - Stopped by Filip Gustavsson with a rebound.
14:45 of 3rd period - Shot by Christian Dvorak.
14:45 of 3rd period - Shot Misses the Net.
15:01 of 3rd period - Shot by Tim Stutzle.
15:01 of 3rd period - Stopped by Filip Gustavsson without a rebound.
15:02 of 3rd period - Joshua Norris wins face-off versus Artturi Lehkonen in VANCOUVER VOODOO zone.
16:29 of 3rd period - Shot by Patrick Kane.
16:29 of 3rd period - Stopped by Ilya Sorokin without a rebound.
16:30 of 3rd period - Vincent Trocheck wins face-off versus Christian Dvorak in BOISE CARIBOUS zone.
16:42 of 3rd period - Icing by Christian Dvorak.
16:43 of 3rd period - Christian Dvorak wins face-off versus Kirill Marchenko in VANCOUVER VOODOO zone.
16:43 of 3rd period - Christian Dvorak is hit by Jesperi Kotkaniemi.
17:19 of 3rd period - Shot by Josh Bailey.
17:19 of 3rd period - Shot Misses the Net.
17:36 of 3rd period - Nicolas Hague is hit by Jesperi Kotkaniemi and loses puck.
18:15 of 3rd period - Shot by Artturi Lehkonen.
18:15 of 3rd period - Shot Misses the Net.
18:17 of 3rd period - Shot by Jean-Gabriel Pageau.
18:17 of 3rd period - Deflect By Artturi Lehkonen.
18:17 of 3rd period - Shot Blocked by Braden Schneider.
18:19 of 3rd period - Shot by Marcus Pettersson.
18:19 of 3rd period - Shot Misses the Net.
18:27 of 3rd period - Shot by Artturi Lehkonen.
18:27 of 3rd period - Shot Misses the Net.
18:30 of 3rd period - Artturi Lehkonen is hit by Braden Schneider and loses puck.
18:54 of 3rd period - VANCOUVER VOODOO, Filip Gustavsson is pulled from the net.
18:55 of 3rd period - Rafael Harvey-Pinard is hit by Dylan DeMelo and loses puck.
19:15 of 3rd period - Joshua Norris is hit by Olli Maatta and loses puck.
19:46 of 3rd period - Shot by Artturi Lehkonen.
19:46 of 3rd period - Goal by Artturi Lehkonen - VANCOUVER VOODOO : 2 - BOISE CARIBOUS : 4.
19:46 of 3rd period - Filip Gustavsson from VANCOUVER VOODOO was sent back in the game.
19:47 of 3rd period - Gabriel Vilardi wins face-off versus Christian Dvorak in neutral zone.
19:47 of 3rd period - Gabriel Vilardi is hit by Jonathan Drouin.
19:53 of 3rd period - Shot by Gabriel Vilardi.
19:53 of 3rd period - Stopped by Filip Gustavsson with a rebound.
19:55 of 3rd period - Shot by Lawson Crouse.
19:55 of 3rd period - Deflect By Gabriel Vilardi.
19:55 of 3rd period - Goal by Gabriel Vilardi - VANCOUVER VOODOO : 2 - BOISE CARIBOUS : 5.
19:56 of 3rd period - Gabriel Vilardi wins face-off versus Christian Dvorak in neutral zone.
19:59 of 3rd period - Shot by Lawson Crouse.
19:59 of 3rd period - Deflect By Gabriel Vilardi.
19:59 of 3rd period - Shot Misses the Net.
Goals for this period are 0 for VANCOUVER VOODOO vs 3 for BOISE CARIBOUS.
Shots for this period are 5 for VANCOUVER VOODOO vs 17 for BOISE CARIBOUS.


BLAKE
WHEELER
STEVEN
STAMKOS
DREW
DOUGHTY

EAST COAST

HOCKEY LEAGUE

  • 63.RHI2PIT5
  • 64.WOR4ATL3
  • 65.QUECHW
  • 66.CHATRV